 Dungeon Crawl Stone Soup version 0.29-a0-231-g945431f764 (webtiles) character file.

Game seed: 13538092151487092479

62 siradein the Grave Robber (level 3, -1/28 HPs)
             Began as a Deep Dwarf Necromancer on Feb 28, 2022.
             Slain by Natasha (2 damage)
             ... on level 2 of the Dungeon on Mar 1, 2022.
             The game lasted 00:12:32 (2024 turns).

siradein the Grave Robber (Deep Dwarf Necromancer)  Turns: 2024, Time: 00:12:33

Health: -1/28      AC:  2    Str: 11    XL:     3   Next: 85%
Magic:  0/5        EV: 12    Int: 17    God:
Gold:   32         SH:  0    Dex: 13    Spells: 1/5 levels left

rFire   . . .      SeeInvis .   h - +0 spear
rCold   . . .      Faith    .   (no shield)
rNeg    . . .      Spirit   .   a - +0 robe
rPois   .          Reflect  .   (no helmet)
rElec   .          Harm     .   (no cloak)
rCorr   .          Rampage  .   (no gloves)
Will    .....                   (no boots)
Stlth   ++........              (no amulet)
HPRegen 0.00/turn               (no ring)
MPRegen 0.09/turn               (no ring)

@: no status effects
A: damage resistance, heal wounds, sense surroundings 1, no regeneration
a: Heal Wounds


You were on level 2 of the Dungeon.
You visited 1 branch of the dungeon, and saw 2 of its levels.

You collected 32 gold pieces.

Inventory:

Hand Weapons
 h - a +0 spear (weapon)
Armour
 a - a +0 robe (worn)
 i - a +0 leather armour
Scrolls
 b - a scroll of fog {unknown}
 c - 2 scrolls of identify {unknown}
 e - a scroll of magic mapping {unknown}
 f - a scroll of blinking {unknown}
Potions
 d - a potion of curing {unknown}
 g - a potion of mutation {unknown}


   Skills:
 - Level 2.1 Dodging
 - Level 2.4 Stealth
 + Level 1.9 Spellcasting
 + Level 6.0 Necromancy


You had one spell level left.
You knew the following spells:

 Your Spells              Type           Power      Damage    Failure   Level
a - Pain                  Necr           88%        1d8       1%          1
b - Vampiric Draining     Necr           22%        2d7       4%          3

Your spell library contained the following spells:

 Spells                   Type           Power      Damage    Failure   Level
 Animate Skeleton         Necr           44%        N/A       1%          1
 Animate Dead             Necr           11%        N/A       16%         4
 Agony                    Necr           22%        N/A       41%         5


Dungeon Overview and Level Annotations

Branches:
Dungeon (2/15)

Altars:

Annotations:
D:2 Natasha


Innate Abilities, Weirdness & Mutations

You are resistant to damage.
You can heal yourself by infusing magical energy.
You passively map a small area around you.
You do not regenerate.


Message History

You draw life force from Natasha.
You feel life coursing into your body. Natasha claws you but does no damage.
Unknown command.
Casting: Vampiric Draining (quite dangerous; 4% risk of failure)
Confirm with . or Enter, or press ? or * to list all spells.
Aiming: Pain (safe; 1% risk of failure)
Press: ? - help, Shift-Dir - straight line, f/p - Natasha
Aim: Natasha (moderately wounded, chance to affect: 81%) Natasha writhes in agony.
Natasha closely misses you.
Casting: Pain (safe; 1% risk of failure)
Confirm with . or Enter, or press ? or * to list all spells.
Aiming: Pain (safe; 1% risk of failure)
Press: ? - help, Shift-Dir - straight line, f/p - Natasha
Aim: Natasha (heavily wounded, chance to affect: 81%) Natasha writhes in agony.
Natasha mumbles some strange words.
You barely miss Natasha.
Natasha is heavily wounded.
Natasha casts a spell at you. The magic dart hits you.
* * * LOW HITPOINT WARNING * * *
You closely miss Natasha.
Natasha is heavily wounded.
Natasha misses you.
You hit Natasha but do no damage.
Natasha is heavily wounded.
Natasha stares at you and mumbles some strange words.
You resist with some effort.
You closely miss Natasha.
Natasha is heavily wounded.
Natasha misses you.
The crimson imp blinks!
You hit Natasha.
Natasha is severely wounded.
Natasha claws you.
* * * LOW HITPOINT WARNING * * *
You hit Natasha but do no damage.
Natasha is severely wounded.
Natasha stares at you and mumbles some strange words.
You resist with some effort. Natasha claws you.
You die...

.......# * , ,
.#.######* , *...#
#......... , ..# *
.######### ... *
** .# ..# , ** .#
#.. .# #.# (# #5#,
, ##### #@#* ,
....############h#
###.§.h.....h..§5#
################ #
* * # * * *
#####.. , ..# * *
......# *#.# ,
####### #.# ,* *


You could see Natasha, a crimson imp (summoned) and a shadow imp (summoned).

Vanquished Creatures
  An adder (D:1)
  A dart slug (D:2)
  8 bats
  5 endoplasms
  6 goblins
  5 jackals (D:1)
  5 quokkas
  5 ball pythons
  A frilled lizard (D:2)
  5 kobolds
  6 rats
48 creatures vanquished.

Notes
Turn   | Place    | Note
-------+----------+-------------------------------------------
     0 | D:1      | siradein the Deep Dwarf Necromancer began the quest for the
                  | Orb.
     0 | D:1      | Reached XP level 1. HP: 15/15 MP: 3/3
   253 | D:1      | Reached XP level 2. HP: 4/22 MP: 0/4
   287 | D:1      | Reached skill level 5 in Necromancy
   880 | D:1      | Reached XP level 3. HP: 3/28 MP: 2/5
   918 | D:1      | Learned a level 3 spell: Vampiric Draining
  1014 | D:1      | Found a faded altar of an unknown god.
  1450 | D:2      | Noticed Natasha
  1863 | D:1      | Reached skill level 6 in Necromancy
  2023 | D:2      | HP: 1/28 [Natasha (3)]
  2024 | D:2      | Slain by Natasha

Illustrated notes

Levels and vault maps discovered:
D:1:      nicolae_arrival_washed_ashore, layout_rooms,
          chequers_ecumenical_altar_island
D:2:      layout_loops_ring, uniq_natasha

Skill      XL: |  1  2  3 |
---------------+----------+-----
Necromancy     | 5 6 |  6.0
Dodging        | |  2.1
Stealth        | |  2.4
Spellcasting   | |  1.9

Action                   || total
-------------------------++-------
Melee: Unarmed           ||    10
       Spear             ||    20
       Punch             ||     1
 Cast: Pain              ||    63
       Vampiric Draining ||    16
Armor: Robe              ||     9
Dodge: Dodged            ||    63

Table legend: (Time is in decaauts)
 A = Elapsed time spent in this place.
 B = Non-inter-level travel time spent in this place.
 C = Inter-level travel time spent in this place.
 D = Time resting spent in this place.
 E = Time spent auto-exploring this place.
 F = Levels seen in this place.
 G = Mean time per level.
                   A        B        C        D        E       F      G
               +--------+--------+--------+--------+--------+-----+--------+
         Total |   2031 |   2022 |      9 |    260 |   1238 |   2 | 1015.5 |
       Dungeon |   2031 |   2022 |      9 |    260 |   1238 |   2 | 1015.5 |
               +--------+--------+--------+--------+--------+-----+--------+

Top non-repeatable levels by time:
     D:1: 1351 daAuts
     D:2: 679 daAuts
